 Dungeon Crawl Stone Soup version 0.22.1-1-ga44c0e5 (webtiles) character file.

2274 topirishpotato the Quickloader (level 9, -4/55 HPs)
             Began as a Kobold Hunter on Oct 5, 2018.
             Was a Priest of Okawaru.
             Slain by an orc priest
             ... wielding a +0 club
              (6 damage)
             ... on level 7 of the Dungeon.
             The game lasted 00:16:32 (6964 turns).

topirishpotato the Quickloader (Kobold Hunter)      Turns: 6964, Time: 00:16:32

Health: -4/55      AC:  6    Str: 17    XL:     9   Next: 65%
Magic:  9/9        EV: 23    Int: 18    God:    Okawaru [***...]
Gold:   392        SH:  0    Dex: 24    Spells: 8/8 levels left

rFire    x . .     SeeInvis .   b - +4 quarterstaff (chaos)
rCold    . . .     Gourm    .   (shield currently unavailable)
rNeg     . . .     Faith    .   w - +1 robe of Kebamuut {rF- Str+8 Int+6}
rPois    .         Spirit   .   (no helmet)
rElec    .         Reflect  .   j - +2 cloak
rCorr    .         Harm     +   (no gloves)
MR       +....                  (no boots)
Stlth    +++++.....             n - amulet of harm
HPRegen  0.18/turn              u - ring of protection from magic
MPRegen  0.11/turn              (no ring)

@: agile
A: small, carnivore
a: Heroism, Renounce Religion


You were on level 7 of the Dungeon.
You worshipped Okawaru.
Okawaru was most pleased with you.
You were completely stuffed.

You visited 1 branch of the dungeon, and saw 7 of its levels.

You collected 392 gold pieces.

Inventory:

Hand Weapons
 a - a +1 hand crossbow
 b - a +4 quarterstaff of chaos (weapon)
Missiles
 e - 167 stones (quivered)
 g - 68 sling bullets
 l - 54 poisoned needles
 p - 4 tomahawks
 s - 93 arrows
 t - 2 silver tomahawks
Armour
 j - a +2 cloak (worn)
 w - the +1 robe of Kebamuut (worn) {rF- Str+8 Int+6}
   (You found it on level 5 of the Dungeon)

   It affects your strength (+8).
   It affects your intelligence (+6).
   It makes you vulnerable to fire.
 D - a +1 leather armour of fire resistance
Jewellery
 n - an amulet of harm (around neck)
 r - an uncursed amulet of the gourmand {unknown}
 u - a ring of protection from magic (left hand)
Wands
 c - a wand of random effects (42)
 k - a wand of scattershot (6)
 A - a wand of enslavement (2)
Scrolls
 o - 2 scrolls of teleportation
 q - a scroll of remove curse
 x - a scroll of amnesia
Potions
 h - a potion of might
 i - a potion of agility
 v - a potion of magic
 z - a potion of resistance
 B - a potion of mutation {unknown}
Comestibles
 f - 13 rations
 C - a chunk of flesh


   Skills:
 + Level 6.1 Fighting
 - Level 10.1 Crossbows
 - Level 4.0 Armour
 + Level 4.5 Dodging
 + Level 7.8 Stealth


You had 8 spell levels left.
You didn't know any spells.
Your spell library was empty.

Dungeon Overview and Level Annotations

Branches:
Dungeon (7/15)             Temple (0/1) D:5

Altars:
Ashenzari
Kikubaaqudgha
Makhleb
Nemelex Xobeh
Okawaru
Qazlal
Sif Muna
Wu Jian
Yredelemnul
Zin
The Shining One


Innate Abilities, Weirdness & Mutations

You are small and have problems with some larger weapons.
You are carnivorous and can eat meat at any time.


Message History

Aim: an orc priest, wielding a club (almost dead)
You throw a stone.
The stone hits the orc priest but does no damage.
The orc priest is almost dead.
Something misses you.
The orc priest hits you but does no damage.
The orc warrior misses you.
Wield which item (- for none, * to show all)? (? for menu, Esc to quit)
Your +4 quarterstaff of chaos is briefly surrounded by a scintillating aura of
b - a +4 quarterstaff of chaos (weapon)
You are too injured to fight recklessly!
You closely miss the orc priest.
The orc priest is almost dead.
Something barely misses you. The orc priest closely misses you.
The orc warrior hits you with a hand axe!
* * * LOW HITPOINT WARNING * * *
Something hits you.
* * * LOW HITPOINT WARNING * * *
The orc priest hits you with a club.
You die...

### #.# #.# #.## *######******
##.## ##...[.,,,,,,*** #..##
##...#*******,,,*** ##..###
#.@.#* **,,,,, * ##...###{oo###
**,,,,, #
##..........#******,,,,,, ##
#......(..(().,,,,,,,,,*
.#########.....#####(...,,,,,,,,*
.....)##.......# *###(,,,,*,,,,
......)........# *********,,
....##)........#* *** **,
.########.......#******,*** **


You could see an orc warrior and an orc priest.

Vanquished Creatures
  Pikel (D:4)
  2 ice beasts (D:5)
  4 orc warriors
  A slave (D:4)
  A black bear (D:6)
  An ogre (D:4)
  A centaur (D:7)
  3 bullfrogs (D:6)
  3 scorpions
  A crimson imp (D:5)
  A hound (D:6)
  Crazy Yiuf (D:4)
  3 orc priests
  A centaur skeleton (D:5)
  4 orc wizards
  2 iguanas
  2 worker ants
  A hound zombie (D:4)
  A worker ant zombie (D:6)
  6 gnolls
  4 adders
  An ooze (D:1)
  A worm (D:5)
  2 dart slugs
  4 leopard geckos
  22 orcs
  3 giant cockroaches (D:3)
  14 goblins
  9 hobgoblins
  6 jackals
  2 quokkas (D:4)
  11 bats
  6 frilled lizards
  7 kobolds
  A leopard gecko skeleton (D:6)
  8 rats
141 creatures vanquished.

Vanquished Creatures (others)
  A gnoll (D:6)
  An adder (D:4)
  An orc (D:4)
  A giant cockroach (D:4)
  A frilled lizard (D:4)
5 creatures vanquished.

Grand Total: 146 creatures vanquished

Notes
Turn   | Place    | Note
-------+----------+-------------------------------------------
     0 | D:1      | topirishpotato the Kobold Hunter began the quest for the
                  | Orb.
     0 | D:1      | Reached XP level 1. HP: 12/12 MP: 1/1
    68 | D:1      | Reached skill level 1 in Armour
    70 | D:1      | Reached XP level 2. HP: 17/17 MP: 2/2
   122 | D:1      | Reached XP level 3. HP: 21/21 MP: 3/3
   359 | D:1      | Found a shattered altar of Ashenzari.
   559 | D:1      | Reached XP level 4. HP: 26/26 MP: 4/4
  1083 | D:2      | Found a sparkling altar of Nemelex Xobeh.
  1085 | D:2      | Reached XP level 5. HP: 29/30 MP: 5/5
  1346 | D:2      | Found a basalt altar of Yredelemnul.
  1746 | D:2      | Found an iron altar of Okawaru.
  1754 | D:2      | Became a worshipper of Warmaster Okawaru
  1837 | D:3      | Reached skill level 5 in Crossbows
  2592 | D:3      | Found a deep blue altar of Sif Muna.
  2723 | D:4      | Reached XP level 6. HP: 34/35 MP: 6/6
  2977 | D:4      | Found an ornate altar of the Wu Jian Council.
  2991 | D:4      | Noticed a slave
  2998 | D:4      | Killed a slave
  3089 | D:4      | Noticed Pikel
  3089 | D:4      | Noticed a slave
  3089 | D:4      | Noticed a slave
  3089 | D:4      | Noticed a slave
  3127 | D:4      | Killed Pikel
  3127 | D:4      | Reached * piety under Okawaru
  3127 | D:4      | Reached skill level 9 in Crossbows
  3127 | D:4      | Reached XP level 7. HP: 6/40 MP: 7/7
  3394 | D:4      | Reached ** piety under Okawaru
  3394 | D:4      | Reached XP level 8. HP: 44/44 MP: 8/8
  3523 | D:4      | Found a runed door.
  3580 | D:4      | Found a glowing golden altar of the Shining One.
  4042 | D:4      | Noticed Crazy Yiuf
  4046 | D:4      | Killed Crazy Yiuf
  4085 | D:5      | Entered Level 5 of the Dungeon
  4120 | D:5      | Got a smoking robe
  4131 | D:5      | Identified the +1 robe of Kebamuut {rF- Str+8 Int+6} (You
                  | found it on level 5 of the Dungeon)
  4176 | D:5      | Reached skill level 10 in Crossbows
  4180 | D:5      | Found an ancient bone altar of Kikubaaqudgha.
  4273 | D:5      | Found a stormy altar of Qazlal.
  4274 | D:5      | Noticed an air elemental
  4275 | D:5      | Noticed a water elemental
  4276 | D:5      | Noticed a fire elemental
  4554 | D:5      | Found a staircase to the Ecumenical Temple.
  5215 | D:6      | Reached XP level 9. HP: 43/52 MP: 9/9
  5231 | D:6      | Reached *** piety under Okawaru
  5551 | D:6      | Reached skill level 5 in Stealth
  5665 | D:6      | Reached skill level 5 in Fighting
  6248 | D:6      | Found a burning altar of Makhleb.
  6251 | D:6      | Noticed an Executioner
  6254 | D:6      | Found a glowing silver altar of Zin.
  6255 | D:6      | Noticed an angel
  6964 | D:7      | HP: 2/55 [something (3)]
  6964 | D:7      | Slain by an orc priest

Skill      XL: |  1  2  3  4  5  6  7  8  9 |
---------------+----------------------------+-----
Armour         | 1 2 3 4 |  4.0
Crossbows      | 5 9 10 | 10.1
Fighting       | 4 6 |  6.1
Stealth        | 4 7 |  7.8
Dodging        | 3 4 |  4.5

Action                   |  1- 3 |  4- 6 |  7- 9 || total
-------------------------+-------+-------+-------++-------
Melee: Hand axe          |       |     9 |       ||     9
       Quarterstaff      |       |       |   101 ||   101
 Fire: Hand crossbow     |    75 |   129 |    82 ||   286
Throw: Stone             |       |     1 |     1 ||     2
Evoke: Wand              |       |       |     1 ||     1
  Use: Scroll            |       |     7 |     6 ||    13
       Potion            |       |     5 |     5 ||    10
 Stab: Sleeping          |       |       |     7 ||     7
       Distracted        |       |       |     2 ||     2
       Paralysed         |       |       |     2 ||     2
  Eat: Chunk             |     7 |     8 |    16 ||    31
Armor: Leather armour    |     7 |    10 |     5 ||    22
       Robe              |       |       |    13 ||    13
       Skin              |       |       |     3 ||     3
Dodge: Dodged            |    20 |    48 |    90 ||   158
